 Dungeon Crawl Stone Soup version 0.30-a0-591-g3c58d2bc28 (webtiles) character file.

Game seed: 8377133291032050972

65 rogsnak the Gusty (level 3, -1/24 HPs)
             Began as a Demonspawn Air Elementalist on Jan 6, 2023.
             Slain by an adder (4 damage)
             ... on level 2 of the Dungeon.
             The game lasted 00:03:01 (1888 turns).

rogsnak the Gusty (Demonspawn Air Elementalist)     Turns: 1888, Time: 00:03:02

Health: -1/24      AC:  2    Str:  8    XL:     3   Next: 94%
Magic:  1/6        EV: 12    Int: 18    God:
Gold:   132        SH:  0    Dex: 13    Spells: 6/7 levels left

rFire   . . .      SeeInvis .    k - +2 long sword (drain)
rCold   . . .      Faith    .    (no shield)
rNeg    . . .      Spirit   .    a - +0 robe
rPois   .          Reflect  .    (no helmet)
rElec   .          Harm     .    (no cloak)
rCorr   .          Rampage  .    (no gloves)
Will    .....                    (no boots)
Stlth   ++                       (no amulet)
HPRegen 0.24/turn                (no ring)
MPRegen 0.10/turn                (no ring)

@: lethally poisoned (-1 -> -3)
A: claws 1, demonic guardian 1
a: no special abilities


You were on level 2 of the Dungeon.
You visited 1 branch of the dungeon, and saw 2 of its levels.

You collected 132 gold pieces.

Inventory:

Hand Weapons
 e - a +0 trident
 i - a +2 dagger of protection
 k - a +2 long sword of draining (weapon)
Missiles
 g - 2 poisoned darts
Armour
 a - a +0 robe (worn)
Scrolls
 c - a scroll of identify {unknown}
 h - a scroll of blinking {unknown}
 j - a scroll of poison {unknown}
 m - a scroll of enchant armour {unknown}
 o - a scroll of vulnerability {unknown}
Potions
 b - a potion of magic
 d - a potion of curing {unknown}
 f - 2 potions of degeneration {unknown}
 l - 3 potions of lignification {unknown}
 n - a potion of ambrosia {unknown}


   Skills:
 + Level 1.9 Dodging
 + Level 1.9 Stealth
 + Level 2.6 Spellcasting
 * Level 2.7 Conjurations
 + Level 3.1 Air Magic


You had 6 spell levels left.
You knew the following spells:

 Your Spells              Type           Power      Damage    Failure   Level
a - Shock                 Conj/Air       48%        1d6       5%          1

Your spell library contained the following spells:

 Spells                   Type           Power      Damage    Failure   Level
 Static Discharge         Conj/Air       24%        2-3/arc   8%          2
 Swiftness                Air            13%        N/A       14%         3
 Beastly Appendage        Tmut           4%         N/A       17%         1
 Wereblood                Tmut           2%         N/A       26%         2
 Airstrike                Air            6%         2d(1-17)  43%         4
 Spider Form              Tmut/Pois      2%         N/A       45%         3


Dungeon Overview and Level Annotations

Branches:
Dungeon (2/15)

Altars:


Innate Abilities, Weirdness & Mutations

You have sharp fingernails.
A weak demonic guardian rushes to your aid.


Message History

You kill the hobgoblin!
The ball python hisses angrily.
You feel sick. The adder bites you.
Unknown command.
Unknown command.
You miss the adder.
The adder is heavily wounded.
You feel sick.
You are no longer poisoned.
The adder misses you. The adder completely misses you.
Casting: Shock (safe; 5% risk of failure)
Confirm with . or Enter, or press ? or * to list all spells.
Aiming: Shock (safe; 5% risk of failure)
Press: ? - help, Shift-Dir - straight line The zap hits the adder.
The adder is heavily wounded.
The zap hits the ball python.
You kill the ball python!
The adder barely misses you. The adder misses you.
Unknown command.
Unknown command.
You barely miss the adder.
The adder is heavily wounded.
The adder completely misses you.
You completely miss the adder.
The adder is heavily wounded.
The adder bites you. x2
* * * LOW HITPOINT WARNING * * *
You closely miss the adder.
The adder is heavily wounded.
The adder bites you.
* * * LOW HITPOINT WARNING * * *
You are poisoned.
The adder poisons you! The adder closely misses you.
You barely miss the adder.
The adder is heavily wounded.
* * * LOW HITPOINT WARNING * * *
You feel sick. The adder bites you.
You die...

#. #. #.### ...#
...# #.. #.# #@#
.## #S## .$####
#..# ###......
##.## ..#......
#..######........
##...............
##...†..........
##.............
#.............


You could see an adder.

Vanquished Creatures
  A gnoll (D:1)
  An adder (D:2)
  A worm (D:2)
  2 dart slugs (D:2)
  7 ball pythons
  2 bats
  5 endoplasms
  2 giant cockroaches (D:1)
  3 goblins (D:1)
  3 hobgoblins (D:2)
  4 jackals (D:1)
  A kobold (D:2)
  A quokka (D:1)
  A frilled lizard (D:2)
  3 rats
37 creatures vanquished.

Notes
Turn   | Place    | Note
-------+----------+-------------------------------------------
     0 | D:1      | rogsnak the Demonspawn Air Elementalist began the quest for
                  | the Orb.
     0 | D:1      | Reached XP level 1. HP: 13/13 MP: 3/3
   325 | D:1      | Gained mutation: You have sharp fingernails. [demonic
                  | ancestry]
   325 | D:1      | Reached XP level 2. HP: 19/19 MP: 0/5
   335 | D:1      | Reached skill level 3 in Air Magic
   541 | D:1      | Found a faded altar of an unknown god.
   860 | D:1      | Gained mutation: A weak demonic guardian rushes to your
                  | aid. [demonic ancestry]
   860 | D:1      | Reached XP level 3. HP: 24/24 MP: 3/6
  1888 | D:2      | Slain by an adder

Illustrated notes

Levels and vault maps discovered:
D:1:      dpeg_arrival_stonehenge_8_columns, layout_loops_corners,
          hellmonk_ecumenical_altar_inner_sanctum, minmay_pentomino_t2
D:2:      layout_rooms, hex_tiny

Skill      XL: |  1  2 |
---------------+-------+-----
Air Magic      | 3 |  3.1
Conjurations   | 2 |  2.7
Dodging        | |  1.9
Stealth        | |  1.9
Spellcasting   | |  2.6

Action                   || total
-------------------------++-------
Melee: Unarmed           ||     6
       Trident           ||     7
       Long sword        ||    26
       Dagger            ||     1
 Cast: Shock             ||    74
Armor: Robe              ||    10
Dodge: Dodged            ||    35

Table legend: (Time is in decaauts)
 A = Elapsed time spent in this place.
 B = Non-inter-level travel time spent in this place.
 C = Inter-level travel time spent in this place.
 D = Time resting spent in this place.
 E = Time spent auto-exploring this place.
 F = Levels seen in this place.
 G = Mean time per level.
                   A        B        C        D        E       F      G
               +--------+--------+--------+--------+--------+-----+--------+
         Total |   1899 |   1857 |     42 |    422 |   1135 |   2 |  949.5 |
       Dungeon |   1899 |   1857 |     42 |    422 |   1135 |   2 |  949.5 |
               +--------+--------+--------+--------+--------+-----+--------+

Top non-repeatable levels by time:
     D:1: 1447 daAuts
     D:2: 451 daAuts
